 Dungeon Crawl Stone Soup version 0.30-a0-135-g630cfc4551 (webtiles) character file.

Game seed: 8520778704936626875

36072 LnG the Eclecticist (level 14, -2/74 HPs)
             Began as a Kobold Summoner on Sept 20, 2022.
             Was an Elder of Kikubaaqudgha.
             Shot with an arrow by a centaur warrior (17 damage)
             ... on level 15 of the Dungeon on Sept 21, 2022.
             The game lasted 02:15:15 (23002 turns).

LnG the Eclecticist (Kobold Summoner)              Turns: 23002, Time: 02:15:16

Health: -2/74      AC: 12    Str:  5    XL:     14   Next: 21%
Magic:  43/45      EV: 17    Int: 32    God:    Kikubaaqudgha [****..]
Gold:   401        SH:  0    Dex: 16    Spells: 30/47 levels left

rFire   . . .      SeeInvis .    G - +0 trident (protect)
rCold   . . .      Faith    .    (shield currently unavailable)
rNeg    . . .      Spirit   .    a - +1 robe
rPois   .          Reflect  .    E - +3 hat of Pondering {ponderous, Will+ MP+10 Int+5}
rElec   .          Harm     .    h - +0 cloak
rCorr   .          Rampage  .    x - +0 pair of gloves {hurl}
Will    ++...                    (no boots)
Stlth   ++++......               (no amulet)
HPRegen 0.22/turn                O - +6 ring of intelligence
MPRegen 0.29/turn                H - +4 ring of protection

@: slow
A: small, no large weapons, nightstalker 3
a: Renounce Religion, Unearth Wretches


You were on level 15 of the Dungeon.
You worshipped Kikubaaqudgha.
Kikubaaqudgha was greatly pleased with you.
You visited 1 branch of the dungeon, and saw 15 of its levels.

You collected 1111 gold pieces.
You spent 710 gold pieces at shops.

Inventory:

Hand Weapons
 b - a +4 scimitar of flaming
 n - a +1 dagger of protection
 G - a +0 trident of protection (weapon)
Missiles
 B - 2 throwing nets
Armour
 a - a +1 robe (worn)
 f - the +0 pair of boots "Daodoibu" {-Tele rF++ Str+5 Dex-5}
   (You bought it in a shop on level 6 of the Dungeon)

   Str:       It affects your strength (+5).
   Dex:       It affects your dexterity (-5).
   rF:        It greatly protects you from fire.
   -Tele:     It prevents most forms of teleportation.
 h - a +0 cloak (worn)
 q - a +0 buckler
 x - a +0 pair of gloves of hurling (worn)
 E - the +3 hat of Pondering (worn) {ponderous, Will+ MP+10 Int+5}
   (You took it off Gastronok on level 8 of the Dungeon)

   Int:       It affects your intelligence (+5).
   MP:        It affects your magic capacity (+10).
   Will:      It increases your willpower.
Magical Staves
 s - a staff of air
Jewellery
 t - a ring of poison resistance
 y - a ring of resist corrosion
 z - a ring of flight
 C - a ring of ice
 H - a +4 ring of protection (right hand)
 O - a +6 ring of intelligence (left hand)
Wands
 v - a wand of roots (5)
 D - a wand of quicksilver (5)
 I - a wand of flame (23)
 K - a wand of polymorph (11)
 L - a wand of paralysis (7)
 N - a wand of digging (3)
Scrolls
 c - 3 scrolls of butterflies
 e - 3 scrolls of teleportation
 j - 3 scrolls of noise
 o - 3 scrolls of immolation
 u - 3 scrolls of vulnerability
 w - 4 scrolls of amnesia
 F - a scroll of brand weapon
 J - a scroll of poison
Potions
 d - 2 potions of attraction
 g - 2 potions of mutation {unknown}
 i - 6 potions of brilliance {unknown}
 k - 7 potions of curing
 l - 4 potions of flight {unknown}
 p - 3 potions of might {unknown}
 r - 2 potions of haste {unknown}
 A - 2 potions of cancellation {unknown}
 M - a potion of heal wounds
 P - a potion of ambrosia {unknown}


   Skills:
 + Level 3.5 Fighting
 + Level 3.3 Short Blades
 + Level 0.1(1.4) Axes
 + Level 2.3 Polearms
 + Level 5.5 Dodging
 + Level 5.9 Stealth
 + Level 17.1 Spellcasting
 + Level 4.4 Hexes
 + Level 14.6 Summonings
 * Level 6.1 Necromancy
 - Level 3.2 Air Magic


You had 30 spell levels left.
You knew the following spells:

 Your Spells              Type           Power      Damage    Failure   Level
a - Summon Small Mammal   Summ           100%       N/A       0%          1
b - Call Imp              Summ           88%        N/A       0%          2
c - Call Canine Familiar  Summ           88%        N/A       0%          3
d - Summon Guardian Gole  Hex/Summ       73%        N/A       1%          3
e - Summon Lightning Spi  Summ/Air       71%        N/A       1%          4
f - Anguish               Hex/Necr       28%        N/A       1%          4

Your spell library contained the following spells:

 Spells                   Type           Power      Damage    Failure   Level
 Beastly Appendage        Tmut           54%        N/A       1%          1
 Necrotise                Necr           100%       1d9       1%          1
 Cigotuvi's Dreadful Rot  Necr/Pois/Air  94%        N/A       1%          2
 Sublimation of Blood     Necr           61%        N/A       1%          2
 Dispel Undead            Necr           61%        3d21      1%          4
 Wereblood                Tmut           27%        N/A       2%          2
 Agony                    Necr           61%        N/A       3%          5
 Ignite Poison            Fire/Tmut/Pois 27%        N/A       4%          3
 Spider Form              Tmut/Pois      27%        N/A       4%          3
 Fulminant Prism          Conj/Hex       20%        3d13      6%          4
 Borgnjor's Vile Clutch   Necr/Erth      23%        N/A       12%         5
 Iskenderun's Mystic Bla  Conj/Tloc      27%        2d7       14%         4
 Sticky Flame             Conj/Fire      27%        2d5       14%         4
 Death Channel            Necr           30%        N/A       19%         6
 Alistair's Intoxication  Tmut/Pois      18%        N/A       38%         5
 Simulacrum               Ice/Necr       23%        N/A       54%         6
 Dispersal                Tloc           13%        N/A       92%         6
 Eringya's Noxious Bog    Tmut/Pois      13%        N/A       92%         6
 Starburst                Conj/Fire      13%        6d6       92%         6
 Storm Form               Tmut/Air       18%        N/A       100%        7
 Disjunction              Tloc           13%        N/A       100%        8
 Maxwell's Capacitive Co  Air            24%        ∞         100%        8


Dungeon Overview and Level Annotations

Branches:
Dungeon (15/15)            Temple (0/1) D:7            Lair (0/5) D:10
    Orc (0/2) D:11         Vaults (0/5) D:14
 Depths: D:15

Altars:
Dithmenos
Elyvilon
Fedhas
Hepliaklqana
Kikubaaqudgha
Qazlal
Wu Jian
Xom

Shops:
D:3 !   D:6 [   D:11 !


Innate Abilities, Weirdness & Mutations

You are small and have problems with some larger weapons.
You are completely attuned to the shadows.


Message History

The six-headed hydra completely misses you.
The six-headed hydra misses you.
The six-headed hydra closely misses you.
The six-headed hydra bites you but does no damage. x2
Your warg bites the six-headed hydra!
The six-headed hydra bites you!
The six-headed hydra bites you but does no damage.
The six-headed hydra closely misses you. x3
The six-headed hydra bites you!
You hit the six-headed hydra.
The six-headed hydra is severely wounded.
Your warg bites the six-headed hydra!
The six-headed hydra bites your warg. The six-headed hydra bites your warg!
The six-headed hydra bites your warg. The six-headed hydra bites your warg!
Your warg dies!
Your warg's corpse disappears in a puff of smoke!
The six-headed hydra misses you. The six-headed hydra bites you!
Casting: Call Canine Familiar (safe; 0% risk of failure)
Confirm with . or Enter, or press ? or * to list all spells.
The six-headed hydra bites you.
* * * LOW HITPOINT WARNING * * *
The six-headed hydra closely misses you.
The six-headed hydra completely misses you.
The six-headed hydra bites you but does no damage. x2
The six-headed hydra closely misses you.
You swap places.
Your warg bites the six-headed hydra!
The six-headed hydra dies!
Kikubaaqudgha accepts your kill.
You start resting.
Your lightning spire disappears in a puff of smoke!
A centaur warrior comes into view. It is wielding a +0 antimagic mace.
Your warg bites the centaur warrior!
The centaur warrior unwields a +0 antimagic mace.
The centaur warrior wields a +0 shortbow.
The centaur warrior shoots an arrow.
The arrow barely misses your warg. The arrow hits you!
* * * LOW HITPOINT WARNING * * *
Your warg bites the centaur warrior!
The centaur warrior shoots an arrow.
The arrow hits you!
You die...
Kikubaaqudgha rasps: "You have failed me!
Welcome... death!"

#
#######.....#.....###§..#.####
#...#.............#.#
#...##.....########.# #...
#..............#### #...
#......######...... #...)..#
#...... #......# #......
##.###.######...... #@#
#....#........
#.######.#.#.#####
#...####...#.# ###.h..).....#
##c.#####..# #...# ....#
#..#.. ###.## ..##... #.# .#
.....


You could see a centaur warrior.

Vanquished Creatures
  A necromancer (D:15)
  2 slime creatures
  A yak (D:10)
  2 necrophages (D:4)
  A wight (D:6)
  A howler monkey (D:10)
  2 jellies
  An orc wizard (D:4)
  3 gnolls
  4 orcs
  A hobgoblin (D:3)
  A kobold (D:9)
  2 rats (D:1)
22 creatures vanquished.

Vanquished Creatures (collateral kills)
  Gastronok (D:8)
  An ettin (D:14)
  Josephine (D:9)
  2 hydras
  2 centaur warriors
  A boulder beetle (D:11)
  Erica (D:8)
  An iron troll (D:14)
  A wizard (D:14)
  A deep elf pyromancer (D:14)
  2 ugly things
  2 cyclopes
  5 manticores
  2 gargoyles
  Psyche (D:8)
  A meliai (D:14)
  5 trolls
  14 slime creatures
  2 dream sheep (D:8)
  5 wraiths
  2 shadows (D:9)
  A vampire (D:12)
  12 yaks
  Grum (D:11)
  4 vampire mosquitoes
  A basilisk (D:14)
  A steam dragon (D:8)
  3 acid dragons
  2 wargs (D:10)
  A water moccasin (shapeshifter) (D:15)
  2 sky beasts
  6 orc warriors
  3 wolves (D:11)
  An ogre (D:6)
  A phantom (D:6)
  A centaur (D:6)
  4 kobold brigands
  5 bullfrogs
  4 gnoll sergeants
  A necrophage (D:6)
  A scorpion (D:4)
  6 wights
  3 killer bees (D:8)
  3 howler monkeys
  A jelly (D:5)
  A gnoll bouda (D:7)
  7 orc priests
  A hound (D:5)
  Jessica (D:2)
  6 iguanas
  10 orc wizards
  25 gnolls
  5 adders
  A shadow imp (D:8)
  2 white imps (D:7)
  2 ufetubi
  2 worms (D:6)
  38 orcs
  3 endoplasms
  A giant cockroach (D:3)
  11 hobgoblins
  3 jackals (D:2)
  2 quokkas (D:3)
  4 ball pythons
  3 bats
  10 frilled lizards
  9 goblins
  15 kobolds
  9 rats
292 creatures vanquished.

Vanquished Creatures (others)
  A vault guard (D:14)
  2 hydras
  2 tengu warriors (D:14)
  3 skeletal warriors
  7 ugly things
  A gargoyle (D:12)
  A freezing wraith (D:14)
  A komodo dragon (D:13)
  2 meliai (D:14)
  A troll (D:13)
  A troll (shapeshifter) (D:12)
  3 slime creatures
  3 yaks (D:10)
  3 vampire mosquitoes (D:12)
  A kobold brigand (D:8)
  An orc priest (D:7)
  A gnoll bouda (D:8)
  A gnoll (D:8)
  5 demonic plants (D:7)
  19 plants
59 creatures vanquished.

Grand Total: 373 creatures vanquished

Notes
Turn   | Place    | Note
-------+----------+-------------------------------------------
     0 | D:1      | LnG the Kobold Summoner began the quest for the Orb.
     0 | D:1      | Reached XP level 1. HP: 10/10 MP: 3/3
   217 | D:1      | Reached XP level 2. HP: 15/15 MP: 1/5
   255 | D:1      | Found a faded altar of an unknown god.
   515 | D:1      | Learned a level 2 spell: Call Imp
   830 | D:1      | Reached XP level 3. HP: 19/19 MP: 1/6
  1511 | D:2      | Noticed Jessica
  1530 | D:2      | Killed Jessica
  1531 | D:2      | Reached skill level 3 in Spellcasting
  1531 | D:2      | Reached XP level 4. HP: 6/24 MP: 2/8
  1796 | D:2      | Learned a level 3 spell: Call Canine Familiar
  2881 | D:3      | Reached skill level 5 in Summonings
  3056 | D:3      | Reached XP level 5. HP: 28/28 MP: 2/10
  3070 | D:3      | Learned a level 3 spell: Summon Guardian Golem
  3152 | D:3      | Found Bagrorph's Distillery.
  3156 | D:3      | Bought a potion of heal wounds for 70 gold pieces
  3156 | D:3      | Bought a potion of curing for 42 gold pieces
  4070 | D:4      | Found a hazy altar of Hepliaklqana.
  4294 | D:4      | Found an ornate altar of the Wu Jian Council.
  4601 | D:4      | Got Mazoas's Monograph on Flaming Battling
  4778 | D:4      | Reached XP level 6. HP: 21/33 MP: 6/11
  4907 | D:4      | Found an ancient bone altar of Kikubaaqudgha.
  4912 | D:4      | Became a worshipper of Kikubaaqudgha
  5007 | D:4      | Reached skill level 1 in Short Blades
  5007 | D:4      | Reached skill level 4 in Spellcasting
  5280 | D:4      | Reached XP level 7. HP: 35/37 MP: 7/13
  5374 | D:5      | Entered Level 5 of the Dungeon
  6151 | D:6      | Found Aczipt's Antique Armour Shoppe.
  6157 | D:6      | Bought a pair of glowing gloves for 165 gold pieces
  6186 | D:6      | Reached skill level 5 in Spellcasting
  6312 | D:6      | Reached XP level 8. HP: 23/42 MP: 9/16
  6320 | D:6      | Learned a level 4 spell: Summon Lightning Spire
  6529 | D:6      | Found a shimmering altar of Xom.
  6628 | D:6      | Found a shadowy altar of Dithmenos.
  6646 | D:6      | Reached skill level 6 in Spellcasting
  6805 | D:6      | Reached skill level 1 in Fighting
  7015 | D:6      | Reached * piety under Kikubaaqudgha
  7015 | D:6      | Received a gift from Kikubaaqudgha
  7199 | D:6      | Found a blossoming altar of Fedhas.
  7259 | D:6      | Reached skill level 7 in Spellcasting
  7679 | D:7      | Reached XP level 9. HP: 36/47 MP: 11/20
  8129 | D:7      | Found a staircase to the Ecumenical Temple.
  8154 | D:7      | Reached skill level 8 in Spellcasting
  8735 | D:7      | Noticed a cyclops
  8774 | D:7      | Killed a cyclops
  9329 | D:8      | Reached skill level 9 in Spellcasting
  9332 | D:8      | Reached skill level 1 in Air Magic
  9332 | D:8      | Reached XP level 10. HP: 41/52 MP: 11/23
  9396 | D:8      | Noticed a three-headed hydra
  9410 | D:8      | Killed a three-headed hydra
  9411 | D:8      | Reached skill level 1 in Hexes
  9411 | D:8      | Reached skill level 10 in Summonings
  9665 | D:8      | Noticed Erica
  9672 | D:8      | Killed Erica
  9673 | D:8      | Reached skill level 10 in Spellcasting
  9787 | D:8      | Reached ** piety under Kikubaaqudgha
 10012 | D:8      | Noticed Psyche
 10016 | D:8      | Killed Psyche
 10226 | D:8      | Noticed Gastronok
 10248 | D:8      | Killed Gastronok
 10249 | D:8      | Reached XP level 11. HP: 57/57 MP: 15/25
 10706 | D:8      | Reached skill level 11 in Spellcasting
 11552 | D:6      | Bought a pair of distressingly furry boots for 209 gold
                  | pieces
 11552 | D:6      | Identified the +0 pair of boots "Daodoibu" {-Tele rF++
                  | Str+5 Dex-5} (You bought it in a shop on level 6 of the
                  | Dungeon)
 12533 | D:9      | Reached *** piety under Kikubaaqudgha
 12533 | D:9      | Received a gift from Kikubaaqudgha
 13381 | D:10     | Entered Level 10 of the Dungeon
 13381 | D:10     | Noticed Josephine
 13511 | D:9      | Reached skill level 12 in Spellcasting
 13511 | D:9      | Killed Josephine
 13797 | D:10     | Found a staircase to the Lair.
 13948 | D:10     | Reached skill level 5 in Stealth
 14128 | D:10     | Reached skill level 13 in Spellcasting
 14457 | D:10     | Reached skill level 1 in Polearms
 14792 | D:10     | Found a stormy altar of Qazlal.
 14821 | D:10     | Reached XP level 12. HP: 53/63 MP: 29/29
 14851 | D:10     | Reached skill level 5 in Dodging
 15456 | D:10     | Found a white marble altar of Elyvilon.
 15685 | D:11     | Learned a level 1 spell: Necrotise
 16217 | D:11     | Noticed Grum
 16225 | D:11     | Killed Grum
 16225 | D:11     | Reached **** piety under Kikubaaqudgha
 16438 | D:11     | Reached skill level 14 in Spellcasting
 16438 | D:11     | Reached skill level 1 in Necromancy
 16509 | D:11     | Found Tadafeuj's Distillery.
 16517 | D:11     | Bought a potion of heal wounds for 70 gold pieces
 16517 | D:11     | Bought a potion of degeneration for 14 gold pieces
 16517 | D:11     | Bought 2 potions of heal wounds for 140 gold pieces
 16829 | D:11     | Found a staircase to the Orcish Mines.
 16973 | D:11     | Noticed a boulder beetle
 16994 | D:11     | Killed a boulder beetle
 17337 | D:12     | Noticed a skeletal warrior
 17340 | D:12     | Noticed a skeletal warrior
 17342 | D:12     | Noticed a skeletal warrior
 18216 | D:12     | Reached skill level 15 in Spellcasting
 18339 | D:12     | Noticed a boulder beetle
 18458 | D:12     | Reached XP level 13. HP: 68/68 MP: 32/32
 19483 | D:13     | Noticed a centaur warrior
 19498 | D:13     | Killed a centaur warrior
 19682 | D:13     | Learned a level 4 spell: Anguish
 19797 | D:13     | Found a faded altar of an unknown god.
 19800 | D:13     | Found a faded altar of an unknown god.
 19808 | D:13     | Found a hazy altar of Hepliaklqana.
 19923 | D:13     | Reached skill level 16 in Spellcasting
 20337 | D:14     | HP: 2/68 [meliai/+0 war axe (17)]
 21182 | D:14     | Noticed a centaur warrior
 21194 | D:14     | Killed a centaur warrior
 21195 | D:14     | Reached skill level 5 in Necromancy
 21259 | D:14     | Noticed a six-headed hydra
 21268 | D:14     | Killed a six-headed hydra
 21705 | D:14     | Noticed an ettin
 21716 | D:14     | Noticed a seven-headed hydra
 21717 | D:14     | Killed an ettin
 21720 | D:14     | Noticed a vault guard
 21721 | D:14     | Killed a seven-headed hydra
 21725 | D:14     | Killed a vault guard
 21753 | D:14     | Found a gate to the Vaults.
 21756 | D:14     | Identified the +3 sling of Bupoitie {vorpal, rC+ Will+}
 22071 | D:15     | Entered Level 15 of the Dungeon
 22173 | D:15     | Reached XP level 14. HP: 74/74 MP: 32/34
 22177 | D:15     | Reached skill level 17 in Spellcasting
 23002 | D:15     | Shot with an arrow by a centaur warrior

Illustrated notes

Levels and vault maps discovered:
D:1:      beargit_arrival_diablo_church, layout_basic,
          hellmonk_ecumenical_altar_zigzags, serial_bayou_pond_a
D:2:      layout_basic, minmay_misc_feat_nine_boxes, minmay_lizard_king,
          uniq_jessica
D:3:      layout_basic, serial_shops, shop, dreamdust_wishing_well
D:4:      layout_cave_pools, mainiacjoe_overflow_surrounded_room,
          overflow_temple_1_default, nzn_wu_jian_contemplation,
          kennysheep_generic_room_5
D:5:      layout_loops_ring
D:6:      layout_loops_ring, lemuel_tele_altar, xom_teletrap_fun,
          nicolae_dithmenos_shadow_blocks, cheibrodos_sewer_entry_bend,
          serial_shops, shop
D:7:      cheibrodos_two_vegetables, layout_rooms, minmay_temple_entry_waves,
          serial_demonic, serial_demonic_g, serial_demonic_a, serial_demonic_a,
          serial_demonic_c
D:8:      layout_layer_cave, hangedman_ranch, uniq_gastronok, uniq_psyche,
          uniq_erica
D:9:      layout_gridville, special_room [special_room_orc]
D:10:     layout_long_grid, nicolae_qazlal_scattered_showers,
          kennysheep_mini_moat, erik_lair_orcish_takeover, uniq_josephine
D:11:     layout_irregular_city, orc_0_dummy, serial_shops,
          nicolae_shop_crystal, uniq_grum
D:12:     layout_roguey, serial_glass, glass_columns_a, glass_columns_a
D:13:     layout_cave_pools, nicolae_hepliaklqana_ecumenical_no_more
D:14:     layout_small_grid, david_vaults_4, grunt_decor_fettered
D:15:     grunt_enter_depths_snipers, layout_basic, minmay_misc_feat_columns,
          portal_ice_cave_entry_dragon, minmay_the_grid_square_5x5_3x3_mashed
          [minmay_the_grid_square_5x5_misaligned,
          minmay_the_grid_square_5x5_hollow_slash,
          minmay_the_grid_square_5x5_broken_cross,
          minmay_the_grid_square_5x5_two_walls_b,
          minmay_the_grid_square_5x5_megaprize_checkered,
          minmay_the_grid_square_5x5_detours, minmay_the_grid_square_5x5_z,
          minmay_the_grid_square_5x5_meh, minmay_the_grid_square_5x5_shrine2]

Skill      XL: |  1  2  3  4  5  6  7  8  9 10 11 12 13 14 |
---------------+-------------------------------------------+-----
Spellcasting   | 3 4 5 7 9 10 13 15 16 17 | 17.1
Summonings     | 5 6 7 9 10 11 13 14 | 14.6
Stealth        | 3 5 |  5.9
Short Blades   | 1 2 3 |  3.3
Dodging        | 3 4 5 |  5.5
Fighting       | 1 2 3 |  3.5
Air Magic      | 1 2 3 |  3.2
Hexes          | 2 3 4 |  4.4
Polearms       | 1 2 |  2.3
Necromancy     | 3 5 6 |  6.1
Axes           | |  0.1

Action                   |  1- 3 |  4- 6 |  7- 9 | 10-12 | 13-15 || total
-------------------------+-------+-------+-------+-------+-------++-------
Melee: Hand axe          |    20 |     2 |       |       |       ||    22
       Dagger            |       |    40 |    70 |    27 |       ||   137
       Punch             |       |     1 |     1 |       |       ||     2
       Trident           |       |       |       |   111 |    58 ||   169
 Cast: Summon Small Mamm |    36 |    35 |    58 |    86 |    23 ||   238
       Call Imp          |    10 |    15 |    20 |    45 |    40 ||   130
       Call Canine Famil |       |    25 |    46 |    80 |    51 ||   202
       Summon Guardian G |       |     1 |     2 |    50 |    66 ||   119
       Summon Lightning  |       |       |     6 |    46 |    16 ||    68
       Necrotise         |       |       |       |     1 |       ||     1
       Anguish           |       |       |       |       |     6 ||     6
  Use: Scroll            |       |     5 |     1 |     7 |     3 ||    16
       Potion            |       |     1 |     4 |     3 |     4 ||    12
 Stab: Sleeping          |     1 |       |       |       |       ||     1
       Distracted        |     1 |       |       |     6 |     1 ||     8
Armor: Robe              |     3 |    20 |    26 |    65 |    27 ||   141
       Skin              |       |       |       |       |     5 ||     5
Dodge: Dodged            |    24 |    57 |    69 |   153 |    66 ||   369

Table legend: (Time is in decaauts)
 A = Elapsed time spent in this place.
 B = Non-inter-level travel time spent in this place.
 C = Inter-level travel time spent in this place.
 D = Time resting spent in this place.
 E = Time spent auto-exploring this place.
 F = Levels seen in this place.
 G = Mean time per level.
                   A        B        C        D        E       F      G
               +--------+--------+--------+--------+--------+-----+--------+
         Total |  23930 |  22471 |   1459 |   5298 |   5038 |  15 | 1595.3 |
       Dungeon |  23930 |  22471 |   1459 |   5298 |   5038 |  15 | 1595.3 |
               +--------+--------+--------+--------+--------+-----+--------+

Top non-repeatable levels by time:
     D:8: 2724 daAuts
     D:9: 2392 daAuts
     D:2: 1912 daAuts
    D:14: 1863 daAuts
    D:11: 1809 daAuts
     D:7: 1693 daAuts
    D:10: 1690 daAuts
    D:12: 1680 daAuts
     D:6: 1501 daAuts
    D:13: 1433 daAuts
     D:3: 1313 daAuts
     D:1: 1088 daAuts
     D:4: 1073 daAuts
    D:15: 996 daAuts
     D:5: 758 daAuts
